Map: Sueño ártico EE

Players

MasterRice

  • Race: Zerg Zerg
  • Spawn Location: 5:00

Kisoro

  • Race: Terran Terran
  • League: Silver
  • Spawn Location: 6:00

MrFercho

  • Race: Zerg Zerg
  • League: Silver
  • Spawn Location: 12:00

tigro

  • Race: Terran Terran
  • League: Bronze
  • Spawn Location: 11:00

VOD

Have the link to the VOD?

Description

Time

  • Played on: May 25, 2020, 10:05 p.m.
  • Length: 8:41
Show
View Real Time Build Order
Export as new Build Order

MasterRice Zerg 

Build Orders: Hatch First, Muta Ling Bane 

Get SALT Encoding   

  12  0:01  Drone  
  13  0:12  Overlord  
  14  0:21  Drone  
  14  0:31  Drone x2  
  16  0:46  Drone  
  17  0:52  Hatchery  
  16  1:00  Drone  
  16  1:01  Drone  
  18  1:17  Spawning Pool  
  17  1:19  Extractor  
  17  1:22  Drone x2  
  18  1:28  Overlord  
  18  1:47  Drone  
  20  2:01  Drone x2  
  20  2:04  Queen  
  20  2:05  Queen  
  20  2:08  Zergling x2  
  26  2:11  Zergling x2  
  27  2:16  Zergling x2  
  28  2:25  Metabolic Boost  
  28  2:37  Zergling x6  
  28  2:39  Overlord  
  28  2:42  Queen  
  33  3:05  Baneling Nest  
  32  3:19  Drone x6  
  38  3:21  Overlord  
  38  3:22  Overlord  
  38  3:38  Queen  
  40  3:55  Lair  
  40  4:00  Extractor  
  40  4:01  Extractor, Drone x4  
  40  4:02  Extractor, Drone x4  
  45  4:05  Drone  
  46  4:23  Drone  
  46  4:24  Drone x3  
  47  4:39  Zergling x10  
  52  4:54  Hatchery  
  51  5:04  Drone x3  
  51  5:06  Drone x3  
  58  5:07  Drone  
  58  5:24  Spire  
  58  5:25  Overlord  
  58  5:26  Overlord  
  51  5:58  Zergling x8  
  51  5:59  Zergling x8  
  51  6:00  Centrifical Hooks  
  51  6:04  Evolution Chamber  
  58  6:12  Zergling x10  
  63  6:31  Zerg Ground Armor Level 1  
  63  6:34  Queen  
  63  6:36  Drone x3  
  63  6:37  Drone x5  
  73  6:45  Overlord  
  73  6:46  Overlord  
  73  6:55  Baneling x3  
  73  6:56  Baneling x5  
  73  7:03  Overseer  
  73  7:05  Mutalisk x3  
  73  7:06  Mutalisk x7  
  85  7:31  Mutalisk x4  
  85  7:35  Zergling x4  
  85  7:36  Zergling x6  
  94  7:43  Overlord  
  94  7:44  Overlord  
  92  7:58  Zergling x4  
  92  7:59  Zergling x8  
  92  8:00  Hatchery  
  97  8:10  Drone x3  
  97  8:11  Extractor, Drone x5  
  97  8:12  Extractor  
Show
View Real Time Build Order
Export as new Build Order

Kisoro Terran 

Build Orders:  

Get SALT Encoding   

  12  0:01  SCV  
  13  0:14  SCV  
  13  0:18  Supply Depot  
  14  0:27  SCV  
  15  0:40  SCV  
  16  0:43  Refinery  
  16  0:47  Barracks  
  16  0:55  SCV  
  17  1:07  SCV  
  18  1:19  SCV  
  19  1:34  Orbital Command  
  19  1:36  Barracks Reactor  
  19  1:48  Command Center  
  19  1:52  Supply Depot  
  19  2:01  SCV  
  20  2:13  SCV  
  20  2:14  Factory  
  21  2:18  Marine  
  21  2:20  Marine  
  23  2:25  SCV  
  24  2:37  SCV  
  24  2:43  Marine x2  
  27  2:50  SCV  
  28  2:52  Refinery  
  28  2:59  Factory Tech Lab  
  28  3:02  Starport  
  28  3:03  Marine x2  
  28  3:05  SCV  
  31  3:09  Orbital Command  
  31  3:28  Supply Depot  
  31  3:30  SCV  
  32  3:39  Marine x2  
  36  3:42  SCV  
  36  3:44  Siege Tank  
  36  3:45  Starport Reactor  
  38  3:50  SCV  
  38  3:51  Barracks  
  38  3:53  Supply Depot  
  38  3:54  SCV  
  40  3:58  Engineering Bay  
  40  4:04  Engineering Bay, SCV  
  40  4:06  Marine, SCV  
  40  4:07  Marine  
  44  4:16  SCV  
  45  4:18  SCV  
  46  4:24  Medivac x2  
  46  4:27  Marine x2  
  46  4:28  SCV  
  53  4:38  Barracks  
  53  4:42  Barracks Tech Lab  
  53  4:49  Siege Tank  
  53  4:51  SCV x2  
  58  4:57  Refinery  
  58  4:59  Marine x2  
  60  5:01  Refinery  
  60  5:03  SCV x2  
  62  5:07  Stimpack  
  62  5:14  Marine  
  62  5:17  Supply Depot, Marine x2  
  65  5:22  Supply Depot  
  65  5:28  Medivac  
  67  5:35  Barracks Reactor  
  67  5:36  Marine x3  
  70  5:54  Marine x3, SCV  
  70  5:55  SCV  
  75  5:57  Medivac  
  75  6:02  Barracks  
  77  6:05  Barracks  
  77  6:06  Supply Depot  
  77  6:07  SCV x2  
  77  6:08  Supply Depot  
  79  6:12  Marine x3  
  82  6:19  SCV x2  
  84  6:29  Marine  
  84  6:30  Marine  
  84  6:31  SCV  
  87  6:46  Command Center  
  87  6:48  Marauder, Marine x4  
  87  6:51  Medivac  
  95  7:05  Marine  
  95  7:06  Marine  
  97  7:10  Marauder  
  83  7:31  Marauder  
  85  7:41  Marine x4  
  85  7:42  Medivac x2  
  92  7:53  Marauder  
  83  8:14  Marauder  
  83  8:16  Marine x4  
  96  8:23  Barracks Reactor x2  
  96  8:28  SCV x2  
Show
View Real Time Build Order
Export as new Build Order

MrFercho Zerg 

Build Orders: Pool First 

Get SALT Encoding   

  12  0:04  Drone  
  13  0:08  Drone  
  14  0:39  Spawning Pool  
  13  0:45  Extractor  
  13  0:48  Extractor  
  11  0:51  Drone x2  
  11  0:52  Drone  
  14  1:08  Overlord  
  14  1:23  Hatchery  
  13  1:33  Drone x2  
  13  1:38  Zergling x2  
  16  1:48  Zergling x2  
  17  1:54  Queen  
  19  2:15  Drone  
  20  2:16  Drone  
  19  3:14  Metabolic Boost  
  19  3:18  Lair  
  19  3:21  Drone x3  
  22  3:52  Drone  
  22  3:53  Drone x2  
  25  3:57  Drone x2  
  25  3:58  Overlord x3, Drone  
  28  4:22  Zergling x2  
  28  4:23  Zergling x6, Spire  
  31  4:33  Spine Crawler  
  30  4:40  Queen  
  32  4:55  Zergling x10  
  32  4:56  Zergling x2  
  38  5:19  Drone  
  38  5:20  Drone x3  
  42  5:29  Drone  
  42  5:30  Drone x2  
  45  5:36  Extractor  
  45  5:38  Extractor  
  45  5:40  Mutalisk  
  45  5:41  Mutalisk x3  
  51  6:04  Baneling Nest  
  50  6:06  Drone x2  
  50  6:07  Overlord x3  
  50  6:08  Overlord x2  
  52  6:42  Mutalisk  
  52  6:43  Mutalisk x5  
  64  7:05  Baneling  
  64  7:06  Baneling x4  
  56  7:43  Mutalisk x3  
  56  7:44  Mutalisk  
Show
View Real Time Build Order
Export as new Build Order

tigro Terran 

Build Orders:  

Get SALT Encoding   

  12  0:02  SCV  
  13  0:14  SCV  
  13  0:21  Supply Depot  
  14  0:26  SCV  
  15  0:39  Refinery  
  15  0:42  SCV  
  16  0:54  Barracks  
  16  1:02  SCV  
  17  1:15  SCV  
  17  1:16  Refinery  
  18  1:26  Supply Depot  
  18  1:27  SCV  
  19  1:39  SCV  
  20  1:44  Marine  
  21  1:51  SCV  
  22  2:02  Marine  
  22  2:03  SCV  
  24  2:10  Barracks  
  24  2:15  SCV  
  25  2:19  Marine  
  25  2:22  Engineering Bay  
  26  2:27  SCV  
  27  2:37  Marine  
  27  2:43  Orbital Command  
  28  2:55  Marine  
  29  2:59  Factory  
  29  3:12  Terran Infantry Weapons Level 1  
  29  3:16  Barracks Tech Lab  
  29  3:31  Barracks Tech Lab  
  29  3:33  Command Center  
  29  3:40  Marine  
  30  3:44  Combat Shield  
  30  3:49  Factory Tech Lab  
  30  3:53  Stimpack  
  30  3:55  Marine  
  30  3:58  Marine  
  32  4:15  Armory  
  32  4:16  Marine  
  31  4:30  Marine  
  26  4:34  Marine  
  27  4:41  Hellion  
  29  4:48  Marine  
  29  4:51  Marine  
  31  5:03  Concussive Shells  
  31  5:04  Hellion  
  31  5:06  Terran Infantry Armor Level 1, Marine  
  34  5:09  Marine  
  35  5:23  Marine  
  35  5:26  Siege Tank  
  39  6:20  Starport  
  39  6:29  Command Center  
  39  6:34  Marine x2, Siege Tank  
  44  6:51  Marine x2  
  46  7:00  Hi-Sec Auto Tracking  
  46  7:09  Medivac, Marine x2  
  46  7:13  Supply Depot  
  30  7:27  Marine x2  
  28  7:33  Hellion  
  16  7:54  Hellion  
  14  8:03  Planetary Fortress  
  11  8:10  Barracks  
Tags
 
Add a new tag
Caveats
  • Supply blocks, unpowered buildings, or Contaminate may cause inaccurate times.
  • Supply counts are checked every 10 seconds.